 Dungeon Crawl Stone Soup version 0.25.1-2-g60ff931df9 (webtiles) character file.

Game seed: 14672033647585379000

1640 funkygono the Charmwright (level 8, -1/64 HPs)
             Began as a Gnoll Skald on Aug 18, 2020.
             Was a Believer of Okawaru.
             Slain by skk's ghost (2 damage)
             ... on level 6 of the Dungeon.
             The game lasted 00:14:22 (5431 turns).

funkygono the Charmwright (Gnoll Skald)             Turns: 5431, Time: 00:14:22

Health: -1/64      AC:  7    Str: 16    XL:     8   Next: 99%
Magic:  15/17      EV: 15    Int: 16    God:    Okawaru [**....]
Gold:   147        SH:  0    Dex: 14    Spells: 16/19 levels left

rFire    . . .     SeeInvis +   h - +4 long sword (freeze) (curse)
rCold    . . .     Gourm    .   (no shield)
rNeg     . . .     Faith    .   l - +3 leather armour
rPois    .         Spirit   .   (no helmet)
rElec    +         Reflect  .   (no cloak)
rCorr    +         Harm     .   z - +0 pair of gloves "Conwuwio" {+Inv rElec MR- rCorr} (curse)
MR       .....                  (no boots)
Stlth    ++........             m - amulet of the acrobat
HPRegen  0.20/turn              g - ring of see invisible
MPRegen  0.15/turn              s - ring of protection from magic

@: infused
A: distributed training, fangs 1, strong nose
a: Heroism, Renounce Religion, Evoke Invisibility


You were on level 6 of the Dungeon.
You worshipped Okawaru.
Okawaru was pleased with you.
You were not hungry.

You visited 2 branches of the dungeon, and saw 6 of its levels.

You collected 147 gold pieces.

Inventory:

Hand Weapons
 a - a +2 mace
 b - a +0 hunting sling
 h - a cursed +4 long sword of freezing (weapon)
Missiles
 f - 110 arrows
 i - 108 stones
 p - 25 poisoned darts (quivered)
 u - 8 boomerangs
 x - 15 sling bullets
Armour
 l - a +3 leather armour (worn)
 z - the cursed +0 pair of gloves "Conwuwio" (worn) {+Inv rElec MR- rCorr}
   (You found it on level 5 of the Dungeon)

   It insulates you from electricity.
   It affects your resistance to hostile enchantments.
   It lets you turn invisible.
   It provides partial protection from all sources of acid and corrosion.
   It has a curse placed upon it.
Magical Staves
 t - an uncursed staff of fire
Jewellery
 g - a ring of see invisible (left hand)
 m - an amulet of the acrobat (around neck)
 s - a ring of protection from magic (right hand)
Scrolls
 n - 2 scrolls of teleportation
 o - 4 scrolls of remove curse
Potions
 c - a potion of invisibility
 e - a potion of magic {unknown}
 k - 2 potions of heal wounds
 q - a potion of stabbing {unknown}
 r - a potion of degeneration {unknown}
Comestibles
 d - 10 rations
 j - 7 chunks of flesh


   Skills:
 + Level 5.9 Fighting
 + Level 3.6 Short Blades
 + Level 3.6 Long Blades
 + Level 3.6 Axes
 + Level 5.9 Maces & Flails
 + Level 3.6 Polearms
 + Level 3.6 Staves
 + Level 3.6 Slings
 + Level 3.6 Bows
 + Level 3.6 Crossbows
 + Level 3.6 Throwing
 + Level 4.5 Armour
 + Level 5.9 Dodging
 + Level 3.6 Stealth
 + Level 3.6 Shields
 + Level 3.6 Unarmed Combat
 + Level 6.2 Spellcasting
 + Level 3.0 Conjurations
 + Level 3.0 Hexes
 + Level 6.3 Charms
 + Level 3.0 Summonings
 + Level 3.0 Necromancy
 + Level 3.0 Translocations
 + Level 3.0 Transmutations
 + Level 3.0 Fire Magic
 + Level 3.0 Ice Magic
 + Level 3.0 Air Magic
 + Level 3.0 Earth Magic
 + Level 3.0 Poison Magic
 + Level 4.0 Invocations
 + Level 3.6 Evocations


You had 16 spell levels left.
You knew the following spells:

 Your Spells              Type           Power        Failure   Level  Hunger
a - Infusion              Chrm           ####         1%          1    None
b - Song of Slaying       Chrm           ####....     1%          2    None

Your spell library contained the following spells:

 Spells                   Type           Power        Failure   Level  Hunger
 Shroud of Golubria       Chrm/Tloc      ###...       3%          2    None
 Ozocubu's Armour         Chrm/Ice       ###.....     7%          3    ##.....
 Spectral Weapon          Hex/Chrm       ###.....     7%          3    ##.....


Dungeon Overview and Level Annotations

Branches:
Dungeon (6/15)             Temple (1/1) D:4

Altars:
Ashenzari
Cheibriados
Dithmenos
Elyvilon
Fedhas
Gozag
Hepliaklqana
Kikubaaqudgha
Makhleb
Nemelex Xobeh
Okawaru
Qazlal
Ru
Sif Muna
Uskayaw
Vehumet
Wu Jian
Xom
Yredelemnul
Zin
The Shining One
Beogh

Shops:
D:5 =

Annotations:
D:6 skk's ghost, novice GrFi


Innate Abilities, Weirdness & Mutations

Your experience applies equally to all skills.
You have very sharp teeth.
Your uncanny sense of smell can sniff out nearby items.


Message History

Skk's ghost hits you but does no damage.
You hit skk's ghost. You freeze skk's ghost.
Skk's ghost is lightly damaged.
Skk's ghost misses you.
You riposte.
You barely miss skk's ghost.
Skk's ghost is lightly damaged.
Casting: Infusion (safe; 1% risk of failure)
Confirm with . or Enter, or press ? or * to list all spells.
You begin infusing your attacks with magical energy.
Skk's ghost hits you! Skk's ghost burns you!
Casting: Infusion (safe; 1% risk of failure)
Confirm with . or Enter, or press ? or * to list all spells.
You extend your infusion's duration.
Skk's ghost hits you!
* * * LOW HITPOINT WARNING * * *
Skk's ghost burns you.
* * * LOW HITPOINT WARNING * * *
Okay, then.
You closely miss skk's ghost.
Skk's ghost is lightly damaged.
Skk's ghost hits you.
You die...

##### ###########...#
.............o#######
.####8.......ooW@..8#
## #######''o#######
#.......ooo...# ###
#....#####....# ..#
#.###..o..###.#
..####.#8#..8..#8#.#
.....#.............####
### ..####8
..)[_[....8#..< ..# ..#
##### ..# #.#


You could see 2 orc warriors, an orc priest, skk's ghost and 4 orcs.

Vanquished Creatures
  The ghost of Daviar the Conjurer, a novice DsCj of Cheibriados (D:5)
  A sky beast (D:6)
  A phantom (D:6)
  2 centaurs
  A scorpion (D:4)
  9 wights (D:6)
  2 crimson imps
  A bullfrog zombie (D:6)
  A jelly (D:4)
  An orc priest (D:6)
  2 hounds
  A centaur skeleton (D:4)
  An iguana (D:6)
  5 worker ants
  2 hound zombies
  A worker ant zombie (D:5)
  A howler monkey zombie (D:5)
  5 gnolls
  3 adders
  2 shadow imps (D:5)
  An ooze (D:1)
  2 adder skeletons (D:4)
  4 worms
  2 dart slugs
  2 leopard geckos
  8 orcs
  3 giant cockroaches
  6 goblins
  4 hobgoblins
  5 jackals (D:6)
  A quokka (D:6)
  6 bats
  3 frilled lizards
  7 kobolds
  3 rats
  2 withered plants (D:5)
102 creatures vanquished.

Notes
Turn   | Place    | Note
-------+----------+-------------------------------------------
     0 | D:1      | funkygono the Gnoll Skald began the quest for the Orb.
     0 | D:1      | Reached XP level 1. HP: 20/20 MP: 6/6
    21 | D:1      | Reached XP level 2. HP: 15/26 MP: 7/7
   351 | D:1      | Reached XP level 3. HP: 26/31 MP: 6/9
   355 | D:1      | Reached skill level 5 in Spellcasting
   854 | D:2      | Reached skill level 1 in Invocations
   890 | D:2      | Reached skill level 1 in Short Blades
   890 | D:2      | Reached skill level 1 in Long Blades
   890 | D:2      | Reached skill level 1 in Axes
   890 | D:2      | Reached skill level 1 in Polearms
   890 | D:2      | Reached skill level 1 in Staves
   890 | D:2      | Reached skill level 1 in Slings
   890 | D:2      | Reached skill level 1 in Bows
   890 | D:2      | Reached skill level 1 in Crossbows
   890 | D:2      | Reached skill level 1 in Throwing
   890 | D:2      | Reached skill level 1 in Stealth
   890 | D:2      | Reached skill level 1 in Shields
   890 | D:2      | Reached skill level 1 in Unarmed Combat
   890 | D:2      | Reached skill level 1 in Evocations
  1003 | D:2      | Reached XP level 4. HP: 33/38 MP: 11/11
  1246 | D:2      | You fall into a shaft and drop 2 floors!
  1439 | D:4      | Reached skill level 1 in Conjurations
  1439 | D:4      | Reached skill level 1 in Hexes
  1439 | D:4      | Reached skill level 1 in Summonings
  1439 | D:4      | Reached skill level 1 in Necromancy
  1439 | D:4      | Reached skill level 1 in Translocations
  1439 | D:4      | Reached skill level 1 in Transmutations
  1439 | D:4      | Reached skill level 1 in Fire Magic
  1439 | D:4      | Reached skill level 1 in Ice Magic
  1439 | D:4      | Reached skill level 1 in Air Magic
  1439 | D:4      | Reached skill level 1 in Earth Magic
  1439 | D:4      | Reached skill level 1 in Poison Magic
  1666 | D:4      | Reached XP level 5. HP: 42/43 MP: 12/12
  1973 | D:4      | Found a staircase to the Ecumenical Temple.
  1983 | Temple   | Entered the Ecumenical Temple
  2281 | Temple   | Became a worshipper of Warmaster Okawaru
  2430 | D:4      | Learned a level 2 spell: Song of Slaying
  2449 | D:4      | Reached XP level 6. HP: 38/50 MP: 7/13
  2879 | D:5      | Entered Level 5 of the Dungeon
  3092 | D:5      | Reached skill level 5 in Fighting
  3092 | D:5      | Reached skill level 5 in Maces & Flails
  3092 | D:5      | Reached skill level 5 in Dodging
  3192 | D:5      | Found a hide-covered altar of Uskayaw.
  3193 | D:5      | Found a basalt altar of Yredelemnul.
  3202 | D:5      | Found a sparkling altar of Nemelex Xobeh.
  3409 | D:5      | Found Afoisux's Jewellery Emporium.
  3451 | D:5      | Got a pair of twisted gloves
  3462 | D:5      | Identified the cursed +0 pair of gloves "Conwuwio" {+Inv
                  | rElec MR- rCorr} (You found it on level 5 of the Dungeon)
  3471 | D:5      | Noticed Daviar's ghost (novice DsCj)
  3472 | D:5      | Found a runed translucent door.
  3630 | D:5      | Reached XP level 7. HP: 43/56 MP: 15/15
  3967 | D:5      | Killed Daviar's ghost
  3967 | D:5      | Reached * piety under Okawaru
  4247 | D:6      | Reached XP level 8. HP: 63/63 MP: 13/16
  5053 | D:6      | Reached ** piety under Okawaru
  5410 | D:6      | Identified the +4 chain mail of Charity {SInv}
  5411 | D:6      | Found a runed translucent gate.
  5411 | D:6      | Noticed skk's ghost (novice GrFi)
  5412 | D:6      | Found a runed translucent gate.
  5413 | D:6      | Found a runed translucent gate.
  5419 | D:6      | Found a roughly hewn altar of Beogh.
  5430 | D:6      | HP: 1/64 [skk's ghost (4)]
  5431 | D:6      | Slain by skk's ghost

Illustrated notes

Levels and vault maps discovered:
D:1:      mrwooster_arrival_arrow, layout_basic
D:2:      layout_rooms
D:4:      minmay_chambers_of_twos, layout_loops_corners,
          minmay_temple_entry_trees, first_ration
D:5:      lemuel_upstairs_altar, layout_rooms,
          gammafunk_temple_overflow_forgotten, gammafunk_ghost_grave,
          serial_shops, nicolae_shop_temple_entry_statues_fountains,
          serial_bayou, serial_bayou_lagoon_b, serial_bayou_shore_b,
          serial_bayou_pond_a, serial_bayou_pond_c, serial_bayou_shore_a
D:6:      layout_loops_ring, biasface_ghost_orc_armoury
Temple:   dpeg_five_rooms_temple

Skill      XL: |  1  2  3  4  5  6  7  8 |
---------------+-------------------------+-----
Spellcasting   | 5 6 |  6.2
Invocations    | 1 2 3 4 |  4.0
Short Blades   | 1 2 3 |  3.6
Long Blades    | 1 2 3 |  3.6
Axes           | 1 2 3 |  3.6
Polearms       | 1 2 3 |  3.6
Staves         | 1 2 3 |  3.6
Slings         | 1 2 3 |  3.6
Bows           | 1 2 3 |  3.6
Crossbows      | 1 2 3 |  3.6
Throwing       | 1 2 3 |  3.6
Stealth        | 1 2 3 |  3.6
Shields        | 1 2 3 |  3.6
Unarmed Combat | 1 2 3 |  3.6
Evocations     | 1 2 3 |  3.6
Conjurations   | 1 2 3 |  3.0
Hexes          | 1 2 3 |  3.0
Summonings     | 1 2 3 |  3.0
Necromancy     | 1 2 3 |  3.0
Translocations | 1 2 3 |  3.0
Transmutations | 1 2 3 |  3.0
Fire Magic     | 1 2 3 |  3.0
Ice Magic      | 1 2 3 |  3.0
Air Magic      | 1 2 3 |  3.0
Earth Magic    | 1 2 3 |  3.0
Poison Magic   | 1 2 3 |  3.0
Armour         | 3 4 |  4.5
Fighting       | 5 |  5.9
Maces & Flails | 5 |  5.9
Dodging        | 5 |  5.9
Charms         | 6 |  6.3

Action                   |  1- 3 |  4- 6 |  7- 9 || total
-------------------------+-------+-------+-------++-------
Melee: Mace              |    36 |    99 |    93 ||   228
       Bite              |     5 |     4 |    24 ||    33
       Punch             |       |     1 |     4 ||     5
       Long sword        |       |       |    79 ||    79
 Fire: Hunting sling     |    37 |    16 |       ||    53
Throw: Dart              |       |    24 |    13 ||    37
       Stone             |       |     1 |       ||     1
 Cast: Infusion          |     4 |     8 |     7 ||    19
       Song of Slaying   |       |     3 |     1 ||     4
Invok: Heroism           |       |       |     3 ||     3
  Use: Scroll            |     2 |     2 |     6 ||    10
       Potion            |       |       |     1 ||     1
 Stab: Sleeping          |       |       |     1 ||     1
  Eat: Chunk             |       |     5 |     3 ||     8
       Ration            |       |     1 |     1 ||     2
Armor: Leather armour    |     7 |    24 |    40 ||    71
Dodge: Dodged            |    37 |    65 |   109 ||   211
       Rpst.: Long sword |       |       |    18 ||    18
